 Dungeon Crawl Stone Soup version 0.31.0-32-g396128a36d (webtiles) character file.

Game seed: 10973929763512330075

27 PaiMei the Gusty (level 3, -5/19 HPs)
             Began as a Tengu Air Elementalist on Mar 15, 2024.
             Killed from afar by Natasha (7 damage)
             ... with a magic dart
             ... on level 2 of the Dungeon.
             The game lasted 00:01:47 (1912 turns).

PaiMei the Gusty (Tengu Air Elementalist)           Turns: 1912, Time: 00:01:48

Health: -5/19      AC:  2    Str:  8    XL:     3   Next: 10%
Magic:  13/16      EV: 12    Int: 17    God:
Gold:   76         SH:  0    Dex: 14    Spells: 3/6 levels left

rFire   . . .        n - +2 mace (holy)
rCold   . . .        (no shield)
rNeg    . . .        a - +0 robe
rPois   .            (helmet restricted)
rElec   .            (no cloak)
rCorr   .            (no gloves)
SInv    .            (boots unavailable)
Will    .....        o - amulet of magic regeneration
Stlth   ++           d - ring of magical power
HPRegen 0.23/turn    (no ring)
MPRegen 0.55/turn

%: acrobat
@: very slightly contaminated
A: beak, talons 3, acrobatic
a: no special abilities


You were on level 2 of the Dungeon.
You visited 1 branch of the dungeon, and saw 2 of its levels.

You collected 76 gold pieces.

Inventory:

Hand Weapons
 j - a +0 short sword
 n - a +2 mace of holy wrath (weapon)
Missiles
 c - 2 atropa-tipped darts (quivered)
 e - 8 poisoned darts
Armour
 a - a +0 robe (worn)
Jewellery
 d - a ring of magical power (left hand)
 o - an amulet of magic regeneration (around neck)
Scrolls
 g - a scroll of fog {unknown}
 h - 2 scrolls of identify {unknown}
Potions
 b - a potion of magic
 f - 2 potions of invisibility {unknown}
 i - a potion of might {unknown}
 k - a potion of resistance {unknown}
 l - a potion of heal wounds {unknown}
 m - a potion of lignification {unknown}


   Skills:
 + Level 0.0 Fighting
 + Level 2.6 Dodging
 - Level 2.3 Stealth
 + Level 2.2 Spellcasting
 + Level 2.1 Conjurations
 + Level 4.3 Air Magic


You had 3 spell levels left.
You knew the following spells:

 Your Spells              Type           Power      Damage    Failure   Level
a - Shock                 Conj/Air       48%        1d6       4%          1
b - Static Discharge      Conj/Air       24%        3-4/arc   8%          2

Your spell library contained the following spells:

 Spells                   Type           Power      Damage    Failure   Level
 Swiftness                Air            16%        N/A       10%         3
 Sublimation of Blood     Necr           1%         N/A       28%         2
 Gell's Gravitas          Tloc           1%         N/A       50%         3
 Teleport Other           Tloc           1%         N/A       50%         3
 Airstrike                Air            8%         2d(2-18)  30%         4
 Petrify                  Alch/Erth      1%         N/A       88%         4
 Irradiate                Conj/Alch      2%         3d12      98%         5
 Dispersal                Tloc           0%         N/A       100%        6
 Haunt                    Necr/Summ      0%         N/A       100%        7
 Borgnjor's Revivificati  Necr           0%         N/A       100%        8
 Death's Door             Necr           0%         N/A       100%        9


Dungeon Overview and Level Annotations

Branches:
Dungeon (2/15)

Altars:

Shops:
D:2 :

Annotations:
D:2 Natasha


Innate Abilities, Weirdness & Mutations

You have a beak for a mouth.
You have claws for feet.
You can magically evade attacks while moving or waiting.


Message History

Natasha casts a spell at you. The magic dart hits you.
Casting: Shock (safe; 4% risk of failure)
Confirm with . or Enter, or press ? or * to list all spells.
Aiming: Shock (safe; 4% risk of failure)
Press: ? - help, Shift-Dir - straight line, f/p - Natasha
Aim: Natasha (moderately wounded, 60% to hit)
The zap hits Natasha.
Natasha is heavily wounded.
Casting: Shock (safe; 4% risk of failure)
Confirm with . or Enter, or press ? or * to list all spells.
Aiming: Shock (safe; 4% risk of failure)
Press: ? - help, Shift-Dir - straight line, f/p - Natasha
Aim: Natasha (heavily wounded, 60% to hit)
The zap hits Natasha.
Natasha is almost dead.
Natasha casts a spell at you. The magic dart hits you.
* * * LOW HITPOINT WARNING * * *
Casting: Shock (safe; 4% risk of failure)
Confirm with . or Enter, or press ? or * to list all spells.
Aiming: Shock (safe; 4% risk of failure)
Press: ? - help, Shift-Dir - straight line, f/p - Natasha
Aim: Natasha (almost dead, 60% to hit)
You miscast Shock.
You are very lightly contaminated with residual magic.
Nothing appears to happen.
Natasha casts a spell at you. You resist with significant effort.
Casting: Shock (safe; 4% risk of failure)
Confirm with . or Enter, or press ? or * to list all spells.
Aiming: Shock (safe; 4% risk of failure)
Press: ? - help, Shift-Dir - straight line, f/p - Natasha
Aim: Natasha (almost dead, 60% to hit)
The zap hits Natasha.
Natasha is almost dead.
Natasha stares at you and mumbles some strange words.
The magic dart hits you!
You die...
Natasha curls up and begins to purr.

#.###.# #.
....#.# # #.#.#.#
#. #.#.#.# #.
#.#.#.# #.
#.#.#.# #.
#.#.#.#
#.#########
#.#.#.#
#..........
#.#.#.#
#..@.h.....
#.#.#.#
##.########
..#.#.# #.#
###.#.# #.#
..#.#.# #.#
###.#.#########.#
....#...........#
###.###########.#
### ###


You could see Natasha.

Vanquished Creatures
  2 ribbon worms (D:2)
  A ball python (D:1)
  4 endoplasms
  3 goblins
  2 kobolds
  A quokka (D:1)
  3 bats
  3 frilled lizards (D:1)
  2 rats (D:1)
21 creatures vanquished.

Notes
Turn   | Place    | Note
-------+----------+-------------------------------------------
     0 | D:1      | PaiMei the Tengu Air Elementalist began the quest for the
                  | Orb.
     0 | D:1      | Reached XP level 1. HP: 10/10 MP: 4/4
   268 | D:1      | Reached XP level 2. HP: 15/15 MP: 0/6
   499 | D:1      | You fall into a shaft and drop 1 floor!
  1619 | D:2      | Reached XP level 3. HP: 19/19 MP: 7/7
  1622 | D:2      | Learned a level 2 spell: Static Discharge
  1675 | D:2      | Found Rileuh's Vocational Training.
  1905 | D:2      | Noticed Natasha
  1912 | D:2      | Killed from afar by Natasha

Illustrated notes

Levels and vault maps discovered:
D:1:      dpeg_arrival_refuge, layout_basic
D:2:      layout_basic, nicolae_shop_vocational, uniq_natasha

Skill      XL: |  1  2 |
---------------+-------+-----
Conjurations   | 2 |  2.1
Dodging        | |  2.6
Stealth        | |  2.3
Spellcasting   | |  2.2
Air Magic      | |  4.3

Action                     || total
---------------------------++-------
  Melee: Unarmed           ||    11
         Kick              ||     3
         Short sword       ||     4
         Peck              ||     1
   Cast: Shock             ||    59
 Armour: Robe              ||    26
  Dodge: Dodged            ||     9
